 Dungeon Crawl Stone Soup version 0.31.0-32-g396128a36d (webtiles) character file.

Game seed: 11357315914063261597

51 SheePop the Trooper (level 3, -5/34 HPs)
             Began as a Minotaur Fighter on Apr 4, 2024.
             Slain by an iguana (10 damage)
             ... on level 4 of the Dungeon.
             The game lasted 00:05:41 (385 turns).

SheePop the Trooper (Minotaur Fighter)               Turns: 385, Time: 00:05:41

Health: -5/34      AC:  7    Str: 22    XL:     3   Next: 57%
Magic:  2/2        EV:  5    Int:  5    God:
Gold:   41         SH:  0    Dex:  9    Spells: 2/2 levels left

rFire   . . .        l - +2 dagger (protect)
rCold   . . .        c - +0 buckler
rNeg    . . .        b - +0 scale mail
rPois   .            (helmet restricted)
rElec   .            (no cloak)
rCorr   .            (no gloves)
SInv    .            (no boots)
Will    .....        (no amulet) Stlth
                     (no ring)
HPRegen 0.25/turn    (no ring)
MPRegen 0.08/turn

%: no passive effects
@: held
A: horns 2, retaliatory headbutt
a: no special abilities


You were on level 4 of the Dungeon.
You visited 1 branch of the dungeon, and saw 4 of its levels.

You collected 41 gold pieces.

Inventory:

Hand Weapons
 a - a +0 war axe
 e - a +0 dagger
 i - a +0 dagger
 j - a +0 short sword
 k - a +0 dagger
 l - a +2 dagger of protection (weapon)
 m - a +0 dagger
 n - a +0 hand axe
 o - a +0 hand axe of flaming
 q - a +0 whip
 r - a +0 flail
 s - a +0 whip
Missiles
 f - 10 stones (quivered)
Armour
 b - a +0 scale mail (worn)
 c - a +0 buckler (worn)
 p - a +0 leather armour
Scrolls
 h - a scroll of identify {unknown}
Potions
 d - a potion of might
 g - a potion of berserk rage {unknown}


   Skills:
 + Level 4.5 Fighting
 + Level 3.0 Axes
 + Level 4.0 Armour
 + Level 1.3 Dodging
 + Level 3.8 Shields


You had 2 spell levels left.
You didn't know any spells.
Your spell library contained the following spells:

 Spells                   Type           Power      Damage    Failure   Level
 Shock                    Conj/Air       0%         1d3       86%         1
 Swiftness                Air            0%         N/A       99%         3
 Airstrike                Air            0%         2d(0-16)  100%        4


Dungeon Overview and Level Annotations

Branches:
Dungeon (4/15)
 Temple: D:4-7

Altars:


Innate Abilities, Weirdness & Mutations

You have a pair of horns on your head.
You reflexively headbutt those who attack you in melee.


Message History

There are monsters nearby!
A nearby plant withers and dies.
You hit the adder.
Your weapon exudes an aura of protection.
You headbutt the adder, but do no damage.
The adder is heavily wounded.
The adder bites you but does no damage.
You hit the adder.
The adder is severely wounded.
You block the adder's attack.
You hit the adder.
You kill the adder!
Your Axes skill increases to level 3!
You closely miss the iguana. Your headbutt misses the iguana.
You block the iguana's attack.
You hit the iguana. Your headbutt misses the iguana.
The iguana is lightly wounded.
You block the iguana's attack.
You hit the iguana.
The iguana is moderately wounded.
The iguana bites you but does no damage.
You hit the iguana but do no damage. Your headbutt misses the iguana.
The iguana is moderately wounded.
The iguana bites you!
You hit the iguana but do no damage.
The iguana is moderately wounded.
The bush looks more healthy.
The iguana bites you!
The ribbon worm attacks as it pursues you!
The ribbon worm bites you!
* * * LOW HITPOINT WARNING * * *
The ribbon worm bites you but does no damage.
The ribbon worm expels a string of sticky webbing.
The stream of webbing hits you but does no damage.
You are caught in a web!
The iguana attacks as it pursues you! The iguana bites you!
* * * LOW HITPOINT WARNING * * *
There is a web, spattered with blood here.
You struggle to detach yourself from the web.
The iguana bites you!
You die...

......#†...#..#
#.........#
.#........##
♣..........#
..........B.# ##
♣.....###w..##.#
......##....#..###
...........l..#..# ##
.....♣..♣..@.....#..##
... ♣...♣...........#
♣.P.♣♣.........## ♣PP.
♣....##..##
♣...♣♣♣...## ##
♣♣P.♣P♣..### ## ♣♣
♣♣.....##..#
..♣♣♣♣...........
.....)............


You could see a ribbon worm, a bombardier beetle and an iguana.

Vanquished Creatures
  An iguana (D:3)
  An adder (D:4)
  5 orcs (D:3)
  A bat (D:1)
  2 kobolds
  2 goblins
12 creatures vanquished.

Notes
Turn   | Place    | Note
-------+----------+-------------------------------------------
     0 | D:1      | SheePop the Minotaur Fighter began the quest for the Orb.
     0 | D:1      | Reached XP level 1. HP: 19/19 MP: 0/0
   267 | D:3      | Reached XP level 2. HP: 23/27 MP: 1/1
   341 | D:3      | Reached skill level 1 in Dodging
   341 | D:3      | Reached XP level 3. HP: 34/34 MP: 2/2
   385 | D:4      | Slain by an iguana

Illustrated notes

Levels and vault maps discovered:
D:1:      nzn_arrival_depleted_hourglass, layout_basic
D:2:      layout_basic, basic_altar, serial_park_tiny_pond
D:3:      layout_basic, glass_columns_b
D:4:      layout_cave_pools, minmay_temple_entry_overgrown,
          gammafunk_ghost_mausoleum, serial_forest, infiniplex_forest_end_2,
          infiniplex_forest_clump_small, infiniplex_forest_clump_medium,
          infiniplex_forest_clump_diagonal, infiniplex_forest_clump_medium,
          infiniplex_forest_lined_2, infiniplex_forest_clump_curved,
          infiniplex_forest_corner_1, infiniplex_forest_straight_4,
          infiniplex_forest_lined_ring, minmay_close_crescents,
          uniq_blork_the_orc

Skill      XL: |  1  2  3 |
---------------+----------+-----
Fighting       | 4 |  4.5
Armour         | 4 |  4.0
Dodging        | 1 |  1.3
Axes           | 3 |  3.0
Shields        | |  3.8

Action                     || total
---------------------------++-------
  Melee: War axe           ||    18
         Dagger            ||    19
         Headbutt          ||     5
 Armour: Scale mail        ||    21
  Dodge: Dodged            ||    14
  Block: Buckler           ||     8
